Map: Dead of Night

Players

BrrrrBrrrr

  • Race: Terran Terran
  • Spawn Location: 0:00

NamroodTuo

  • Race: Terran Terran
  • Spawn Location: 0:00

VOD

Have the link to the VOD?

Description

Time

  • Played on: Jan. 10, 2023, 8:20 a.m.
  • Length: 18:20
Show
View Real Time Build Order
Export as new Build Order

BrrrrBrrrr Terran 

Build Orders:  

Get SALT Encoding   

  12  0:02  SCV  
  13  0:18  Refinery  
  13  0:25  SCV  
  14  0:45  Refinery  
  14  0:47  SCV  
  15  0:58  Refinery  
  15  1:04  SCV  
  16  1:21  Barracks  
  16  1:26  SCV  
  17  1:43  SCV  
  18  2:00  SCV  
  18  2:02  Engineering Bay  
  19  2:17  SCV  
  20  2:28  Factory  
  20  2:34  SCV  
  21  2:41  Barracks Tech Lab  
  21  2:51  SCV  
  21  2:56  Railgun Turret  
  22  3:08  SCV  
  24  3:33  Armory  
  23  3:58  Heavy Siege Tank  
  29  4:21  SCV  
  30  4:38  SCV, Graduating Range  
  30  4:39  Terran Vehicle and Ship Weapons Level 1  
  31  4:55  SCV  
  32  5:12  SCV  
  33  5:22  Starport  
  33  5:29  SCV  
  34  5:46  SCV  
  35  6:02  Structure Armor  
  35  6:03  SCV  
  36  6:35  Starport Tech Lab  
  36  6:39  Ghost Visor  
  36  7:12  Raid Artillery  
  36  7:35  Terran Vehicle and Ship Weapons Level 2  
  36  7:51  Missile Turret  
  36  7:52  SCV  
  37  8:18  Railgun Turret  
  37  9:10  Raid Liberator  
  43  9:48  Heavy Siege Tank  
  49  10:04  Railgun Turret  
  49  11:36  Terran Vehicle and Ship Weapons Level 3  
  49  11:47  Railgun Turret  
  49  12:44  Raid Liberator  
  49  12:46  Missile Turret  
  55  13:46  Missile Turret  
  55  17:01  Griffin Airstrike  
  55  17:10  Hellbat Rangers x2  
  55  17:11  Hellbat Rangers  
  55  17:12  Strike Goliath x2  
  55  17:13  Strike Goliath  
  55  17:16  Covert Banshee  
  55  17:17  Covert Banshee  
  97  17:40  Griffin Airstrike  
  97  18:01  Tactical Airlift  
Show
View Real Time Build Order
Export as new Build Order

NamroodTuo Terran 

Build Orders:  

Get SALT Encoding   

  12  0:06  SCV  
  13  0:19  SCV  
  13  0:29  Supply Depot  
  14  0:34  SCV  
  15  1:22  Engineering Bay  
  15  1:23  Factory  
  15  1:24  SCV  
  16  1:38  SCV  
  17  1:52  SCV  
  18  2:05  SCV  
  19  2:12  Refinery  
  19  2:18  Refinery  
  19  2:19  SCV  
  20  2:23  Refinery  
  20  2:32  SCV  
  21  2:46  SCV  
  22  2:59  SCV  
  23  3:17  Perdition Turret  
  23  3:24  Perdition Turret  
  23  3:30  Perdition Turret  
  23  3:46  Perdition Turret  
  23  3:53  Perdition Turret  
  23  3:57  Perdition Turret  
  23  4:25  Devastation Turret  
  23  4:32  Devastation Turret  
  23  4:33  Devastation Turret  
  23  5:40  Supply Depot  
  23  5:46  Hi-Sec Auto Tracking  
  23  6:10  SCV  
  23  6:11  Supply Depot  
  24  6:23  SCV  
  25  6:37  SCV  
  26  6:42  Supply Depot  
  26  6:46  Structure Armor  
  26  6:50  SCV  
  27  7:01  Armory  
  27  7:04  SCV  
  44  7:10  Goliath  
  28  7:13  Supply Depot  
  28  7:17  SCV  
  31  7:31  SCV  
  32  7:45  SCV  
  33  7:58  SCV  
  34  8:12  SCV  
  35  8:23  Upgrade Laser Drill Level 1  
  35  8:25  SCV  
  36  8:33  Terran Vehicle and Ship Weapons Level 1  
  36  8:39  SCV  
  37  8:40  Supply Depot  
  37  8:45  Supply Depot  
  37  8:52  SCV  
  38  9:06  SCV  
  57  9:20  SCV  
  41  9:25  Factory Tech Lab  
  42  9:34  SCV  
  43  9:44  Goliath  
  43  9:47  SCV  
  44  10:01  SCV  
  45  10:14  SCV  
  45  10:15  Goliath  
  48  10:28  SCV  
  49  10:41  SCV  
  49  10:42  Devastation Turret  
  49  10:47  Goliath  
  52  10:55  SCV  
  53  11:09  Devastation Turret  
  53  11:12  Terran Vehicle And Ship Armor Level 1  
  53  11:13  Devastation Turret  
  53  11:36  Devastation Turret  
  53  11:42  Devastation Turret  
  53  11:57  Ares-Class Targeting System  
  53  12:05  Devastation Turret  
  53  12:10  Devastation Turret  
  53  12:11  Supply Depot  
  53  12:15  Supply Depot  
  53  12:33  Devastation Turret  
  53  13:06  Goliath  
  55  13:33  Missile Turret  
  55  13:38  Goliath  
  57  13:52  Terran Vehicle and Ship Weapons Level 2, Missile Turret  
  57  13:59  Missile Turret  
  57  14:09  Goliath  
  57  14:19  Missile Turret  
  59  14:39  Devastation Turret  
  59  14:41  Goliath  
  59  14:46  Devastation Turret  
  59  14:48  Perdition Turret  
  59  14:49  Perdition Turret  
  61  14:52  Perdition Turret  
  61  15:00  Perdition Turret  
  61  15:02  Perdition Turret  
  61  15:07  Perdition Turret  
  60  15:13  Goliath  
  60  15:15  Devastation Turret  
  62  15:23  Perdition Turret  
  62  15:24  Perdition Turret  
  62  15:31  Perdition Turret  
  62  15:47  Missile Turret  
  62  15:51  Goliath  
  62  15:56  Perdition Turret  
  62  15:58  Supply Depot  
  64  16:04  Supply Depot  
  64  16:21  Perdition Turret  
  64  16:22  Goliath  
  64  16:28  Supply Depot  
  66  16:35  Supply Depot  
  66  16:54  Goliath  
  62  17:26  Goliath  
Tags
 
Commander
NovaSwann
Matchup
Co-op
Replay Pack
Multiplayer
Add a new tag
Caveats
  • Supply blocks, unpowered buildings, or Contaminate may cause inaccurate times.
  • Supply counts are checked every 10 seconds.